TOP OF THE 1ST |
Seattle Aviators batting - Pitching for Rocky Mountain Nuggets : LHP Rafael Rivera
|
Pitching: LHP Rafael Rivera
|
|
Batting: RHB Ethan Stanford
|
0-0: Ball 1-0: Foul Ball, location: 2F 1-1: Called Strike 1-2: Foul Ball, location: 2F 1-2: Ground out 4-3 (Groundball, 4M)
|
Batting: RHB Bobby Christopher
|
0-0: Ground out 6-3 (Groundball, 6S)
|
Batting: LHB Jorge Mojica
|
0-0: Called Strike 0-1: Ball 1-1: Foul Ball, location: 2F 1-2: Strikes out swinging
|
Top of the 1st over - 0 run(s), 0 hit(s), 0 error(s), 0 left on base; Seattle 0 - Rocky Mountain 0 |
BOTTOM OF THE 1ST |
Rocky Mountain Nuggets batting - Pitching for Seattle Aviators : LHP Bernie Sanders
|
Pitching: LHP Bernie Sanders
|
|
Batting: RHB Luis Ríos
|
0-0: Foul Ball, location: 2F 0-1: Fly out, F9 (Flyball, 9S)
|
Batting: RHB Marvin Hunter
|
0-0: Ball 1-0: Ball 2-0: Swinging Strike 2-1: Called Strike 2-2: Ball 3-2: Ground out 5-3 (Groundball, 5)
|
Batting: RHB Iván Vega
|
0-0: Called Strike 0-1: Ball 1-1: Swinging Strike 1-2: Foul Ball, location: 2F 1-2: Ball 2-2: Ball 3-2: Strikes out swinging
|
Bottom of the 1st over - 0 run(s), 0 hit(s), 0 error(s), 0 left on base; Seattle 0 - Rocky Mountain 0 |
TOP OF THE 2ND |
Seattle Aviators batting - Pitching for Rocky Mountain Nuggets : LHP Rafael Rivera
|
Batting: LHB Kenny Webster
|
0-0: Called Strike 0-1: Fly out, F7 (Flyball, 7D)
|
Batting: RHB Seon-keun Kim
|
0-0: Ball 1-0: Swinging Strike 1-1: Swinging Strike 1-2: Ground out 4-3 (Groundball, 4S)
|
Batting: LHB Dong-jin Kim
|
0-0: Called Strike 0-1: Ball 1-1: Ball 2-1: Ball 3-1: Base on Balls
|
Batting: RHB John MacGregor
|
0-0: Called Strike 0-1: Ball 1-1: Fly out, F9 (Flyball, 9D)
|
Top of the 2nd over - 0 run(s), 0 hit(s), 0 error(s), 1 left on base; Seattle 0 - Rocky Mountain 0 |
BOTTOM OF THE 2ND |
Rocky Mountain Nuggets batting - Pitching for Seattle Aviators : LHP Bernie Sanders
|
Batting: LHB Javier Sánchez
|
0-0: Ball 1-0: Called Strike 1-1: SOLO HOME RUN (Line Drive, 9D), Distance : 369 ft
|
Batting: RHB Ron Ward
|
0-0: Called Strike 0-1: Ball 1-1: Ball 2-1: Foul Ball, location: 2F 2-2: Ball 3-2: SINGLE (Groundball, 6MD)
|
Batting: RHB José Carlos Pérez
|
0-0: Ball 1-0: Foul Ball, location: 2F 1-1: Ball 2-1: Fly out, F9 (Flyball, 89S)
|
Batting: RHB Javier Martínez
|
0-0: Called Strike 0-1: Swinging Strike 0-2: Strikes out swinging
|
Batting: RHB Mark Melton
|
0-0: Ball 1-0: Ball 2-0: Foul Ball, location: 2F Balk! Ron Ward to second 2-1: Foul Ball, location: 2F 2-2: Foul Ball, location: 2F 2-2: Ball 3-2: Fly out, F2 (Popup, 5S)
|
Bottom of the 2nd over - 1 run(s), 2 hit(s), 0 error(s), 1 left on base; Seattle 0 - Rocky Mountain 1 |
TOP OF THE 3RD |
Seattle Aviators batting - Pitching for Rocky Mountain Nuggets : LHP Rafael Rivera
|
Batting: RHB Jay Parker
|
0-0: Called Strike 0-1: Ball 1-1: Ball 2-1: Ground out 1-3 (Groundball, 13)
|
Batting: RHB Anthony Johnston
|
0-0: Ground out 4-3 (Groundball, 4)
|
Batting: RHB Ethan Stanford
|
0-0: Ball 1-0: Ball 2-0: Swinging Strike 2-1: Swinging Strike 2-2: Strikes out swinging
|
Top of the 3rd over - 0 run(s), 0 hit(s), 0 error(s), 0 left on base; Seattle 0 - Rocky Mountain 1 |
BOTTOM OF THE 3RD |
Rocky Mountain Nuggets batting - Pitching for Seattle Aviators : LHP Bernie Sanders
|
Batting: RHB Sergio Martínez
|
0-0: Called Strike 0-1: Ball 1-1: Ball 2-1: Foul Ball, location: 2F 2-2: Foul Ball, location: 2F 2-2: Ground out 6-3 (Groundball, 6)
|
Batting: RHB Luis Ríos
|
0-0: Ball 1-0: Called Strike 1-1: Called Strike 1-2: Ground out 3-1 (Groundball, 34)
|
Batting: RHB Marvin Hunter
|
0-0: Ball 1-0: Foul Ball, location: 2F 1-1: Ball 2-1: Ball 3-1: Foul Ball, location: 2F 3-2: Fly out, F7 (Flyball, 7)
|
Bottom of the 3rd over - 0 run(s), 0 hit(s), 0 error(s), 0 left on base; Seattle 0 - Rocky Mountain 1 |
TOP OF THE 4TH |
Seattle Aviators batting - Pitching for Rocky Mountain Nuggets : LHP Rafael Rivera
|
Batting: RHB Bobby Christopher
|
0-0: Ball 1-0: Ground out 5-3 (Groundball, 56S)
|
Batting: LHB Jorge Mojica
|
0-0: Ball 1-0: Called Strike 1-1: Hit by Pitch
|
Batting: LHB Kenny Webster
|
0-0: SINGLE (Groundball, 56D) Jorge Mojica to second
|
Batting: RHB Seon-keun Kim
|
0-0: Fly out, F7 (Line Drive, 7LM)
|
Batting: LHB Dong-jin Kim
|
0-0: Ball 1-0: SINGLE (Groundball, 4) (infield hit) Jorge Mojica to third Kenny Webster to second
|
Batting: RHB John MacGregor
|
0-0: Ball Passed Ball! Jorge Mojica scores Kenny Webster to third Dong-jin Kim to second 1-0: Swinging Strike 1-1: Called Strike 1-2: Ball 2-2: SINGLE (Groundball, 6MD) Kenny Webster scores Dong-jin Kim to third Runner from 3rd tries for Home, SAFE, throw made home John MacGregor to second
|
Batting: RHB Jay Parker
|
0-0: Called Strike 0-1: Ball 1-1: Foul Ball, location: 2F 1-2: Foul Ball, location: 2F 1-2: Ball 2-2: Foul Ball, location: 2F 2-2: Ball 3-2: Ground out 5-3 (Groundball, 56S)
|
Top of the 4th over - 3 run(s), 3 hit(s), 0 error(s), 1 left on base; Seattle 3 - Rocky Mountain 1 |
BOTTOM OF THE 4TH |
Rocky Mountain Nuggets batting - Pitching for Seattle Aviators : LHP Bernie Sanders
|
Batting: RHB Iván Vega
|
0-0: Ball 1-0: Ball 2-0: Ball 3-0: Base on Balls
|
Batting: LHB Javier Sánchez
|
0-0: Called Strike 0-1: Ball 1-1: Fly out, F5 (Popup, 5)
|
Batting: RHB Ron Ward
|
0-0: Ball 1-0: Called Strike 1-1: Foul Ball, location: 2F 1-2: Grounds into double play, 5-4-3 (Groundball, 56)
|
Bottom of the 4th over - 0 run(s), 0 hit(s), 0 error(s), 0 left on base; Seattle 3 - Rocky Mountain 1 |
TOP OF THE 5TH |
Seattle Aviators batting - Pitching for Rocky Mountain Nuggets : LHP Rafael Rivera
|
Batting: RHB Anthony Johnston
|
0-0: Ground out 4-3 (Groundball, 4M)
|
Batting: RHB Ethan Stanford
|
0-0: Called Strike 0-1: Foul Ball, location: 2F 0-2: Ball 1-2: Foul Ball, location: 2F 1-2: DOUBLE (Line Drive, 78D)
|
Batting: RHB Bobby Christopher
|
0-0: Ball 1-0: Ball 2-0: Ball 3-0: Called Strike 3-1: Base on Balls
|
Batting: LHB Jorge Mojica
|
0-0: Called Strike 0-1: Ball 1-1: Fielders Choice at 2nd, 3-6 (Groundball, 34) Ethan Stanford to third
|
Batting: LHB Kenny Webster
|
0-0: Called Strike 0-1: Swinging Strike 0-2: Ground out 4-3 (Groundball, 34D)
|
Top of the 5th over - 0 run(s), 1 hit(s), 0 error(s), 2 left on base; Seattle 3 - Rocky Mountain 1 |
BOTTOM OF THE 5TH |
Rocky Mountain Nuggets batting - Pitching for Seattle Aviators : LHP Bernie Sanders
|
Batting: RHB José Carlos Pérez
|
0-0: Swinging Strike 0-1: Called Strike 0-2: Strikes out swinging
|
Batting: RHB Javier Martínez
|
0-0: Ball 1-0: Ball 2-0: Called Strike 2-1: Fly out, F8 (Flyball, 8RM)
|
Batting: RHB Mark Melton
|
0-0: Ball 1-0: Ball 2-0: Foul Ball, location: 2F 2-1: Foul Ball, location: 2F 2-2: Foul Ball, location: 2F 2-2: Ground out 6-3 (Groundball, 6S)
|
Bottom of the 5th over - 0 run(s), 0 hit(s), 0 error(s), 0 left on base; Seattle 3 - Rocky Mountain 1 |
TOP OF THE 6TH |
Seattle Aviators batting - Pitching for Rocky Mountain Nuggets : LHP Rafael Rivera
|
Batting: RHB Seon-keun Kim
|
0-0: Ball 1-0: Swinging Strike 1-1: Foul Ball, location: 2F 1-2: Ball 2-2: DOUBLE (Line Drive, 78XD)
|
Batting: LHB Dong-jin Kim
|
0-0: Ball 1-0: Fly out, F7 (Flyball, 78M)
|
Batting: RHB John MacGregor
|
0-0: Ball 1-0: Swinging Strike 1-1: Ball 2-1: Called Strike 2-2: Fly out, F8 (Flyball, 8RS)
|
Batting: RHB Jay Parker
|
0-0: Ball 1-0: SINGLE (Line Drive, 8LS) Seon-keun Kim to third Runner from 3rd tries for Home, SAFE, no throw
|
Batting: RHB Anthony Johnston
|
0-0: Ball 1-0: Foul Ball, location: 2F 1-1: Ball 2-1: Fly out, F7 (Flyball, 78M)
|
Top of the 6th over - 1 run(s), 2 hit(s), 0 error(s), 1 left on base; Seattle 4 - Rocky Mountain 1 |
BOTTOM OF THE 6TH |
Rocky Mountain Nuggets batting - Pitching for Seattle Aviators : LHP Bernie Sanders
|
Batting: RHB Sergio Martínez
|
0-0: Called Strike 0-1: Ball 1-1: Ball 2-1: Called Strike 2-2: SINGLE (Groundball, 34D)
|
Batting: RHB Luis Ríos
|
0-0: Ball 1-0: Foul Ball, location: 2F 1-1: Ball 2-1: Foul Ball, location: 2F 2-2: Ground out 5-3 (Groundball, 56S) Sergio Martínez to second
|
Batting: RHB Marvin Hunter
|
0-0: Ball 1-0: Fly out, F7 (Flyball, 7S)
|
Batting: RHB Iván Vega
|
0-0: Fly out, F8 (Flyball, 78D)
|
Bottom of the 6th over - 0 run(s), 1 hit(s), 0 error(s), 1 left on base; Seattle 4 - Rocky Mountain 1 |
TOP OF THE 7TH |
Seattle Aviators batting - Pitching for Rocky Mountain Nuggets : LHP Rafael Rivera
|
Batting: RHB Ethan Stanford
|
0-0: Ball 1-0: Bunt for hit - play at first, batter OUT! 1-3
|
Batting: RHB Bobby Christopher
|
0-0: Ball 1-0: Swinging Strike 1-1: Swinging Strike 1-2: SOLO HOME RUN (Flyball, 9D), Distance : 369 ft
|
Batting: LHB Jorge Mojica
|
0-0: Called Strike 0-1: Ball 1-1: Ball 2-1: Fly out, F9 (Flyball, 89S)
|
Batting: LHB Kenny Webster
|
0-0: Ball 1-0: Swinging Strike 1-1: Ball 2-1: Called Strike 2-2: Ball 3-2: Strikes out swinging
|
Top of the 7th over - 1 run(s), 1 hit(s), 0 error(s), 0 left on base; Seattle 5 - Rocky Mountain 1 |
BOTTOM OF THE 7TH |
Rocky Mountain Nuggets batting - Pitching for Seattle Aviators : LHP Bernie Sanders
|
Batting: LHB Javier Sánchez
|
0-0: Called Strike 0-1: Ball 1-1: Ground out 4-3 (Groundball, 34)
|
Batting: RHB Ron Ward
|
0-0: Foul Ball, location: 2F 0-1: Foul Ball, location: 2F 0-2: Ball 1-2: Ball 2-2: Strikes out swinging
|
Batting: RHB José Carlos Pérez
|
0-0: Called Strike 0-1: Swinging Strike 0-2: Ball 1-2: Fly out, F4 (Popup, 4MD)
|
Bottom of the 7th over - 0 run(s), 0 hit(s), 0 error(s), 0 left on base; Seattle 5 - Rocky Mountain 1 |
TOP OF THE 8TH |
Seattle Aviators batting - Pitching for Rocky Mountain Nuggets : LHP Rafael Rivera
|
Pitching: RHP Roberto Covas
|
|
Batting: RHB Seon-keun Kim
|
0-0: Called Strike 0-1: Ball 1-1: Foul Ball, location: 2F 1-2: Ball 2-2: Ground out 6-3 (Groundball, 6)
|
Batting: LHB Dong-jin Kim
|
0-0: Swinging Strike 0-1: Ball 1-1: Foul Ball, location: 2F 1-2: Foul Ball, location: 2F 1-2: Strikes out looking
|
Batting: RHB John MacGregor
|
0-0: Called Strike 0-1: Foul Ball, location: 2F 0-2: Fly out, F6 (Line Drive, 6)
|
Top of the 8th over - 0 run(s), 0 hit(s), 0 error(s), 0 left on base; Seattle 5 - Rocky Mountain 1 |
BOTTOM OF THE 8TH |
Rocky Mountain Nuggets batting - Pitching for Seattle Aviators : LHP Bernie Sanders
|
Batting: RHB Javier Martínez
|
0-0: Called Strike 0-1: Ball 1-1: Fly out, F9 (Flyball, 9LS)
|
Batting: RHB Mark Melton
|
0-0: Foul Ball, location: 2F 0-1: Ball 1-1: Swinging Strike 1-2: Ball 2-2: Fly out, F9 (Flyball, 9LMF)
|
Batting: RHB Sergio Martínez
|
0-0: Ball 1-0: Called Strike 1-1: Called Strike 1-2: Strikes out looking
|
Bottom of the 8th over - 0 run(s), 0 hit(s), 0 error(s), 0 left on base; Seattle 5 - Rocky Mountain 1 |
TOP OF THE 9TH |
Seattle Aviators batting - Pitching for Rocky Mountain Nuggets : RHP Roberto Covas
|
Batting: RHB Jay Parker
|
0-0: Ground out 1-3 (Groundball, P)
|
Batting: RHB Anthony Johnston
|
0-0: Foul Ball, location: 2F 0-1: Swinging Strike 0-2: Ball 1-2: Ball 2-2: Ball 3-2: Foul Ball, location: 2F 3-2: Foul Ball, location: 2F 3-2: Ground out 6-3 (Groundball, 56)
|
Batting: RHB Ethan Stanford
|
0-0: Ball 1-0: Ball 2-0: Ball 3-0: Base on Balls
|
Batting: RHB Bobby Christopher
|
0-0: Ball 1-0: Called Strike Ethan Stanford steals 2nd base 1-1: Swinging Strike 1-2: Ball 2-2: Ball 3-2: Base on Balls
|
Batting: LHB Jorge Mojica
|
0-0: Fly out, F9 (Flyball, 9LM)
|
Top of the 9th over - 0 run(s), 0 hit(s), 0 error(s), 2 left on base; Seattle 5 - Rocky Mountain 1 |
BOTTOM OF THE 9TH |
Rocky Mountain Nuggets batting - Pitching for Seattle Aviators : LHP Bernie Sanders
|
Batting: RHB Luis Ríos
|
0-0: Foul Ball, location: 2F 0-1: Ball 1-1: Fly out, F8 (Flyball, 8RS)
|
Batting: RHB Marvin Hunter
|
0-0: SINGLE (Line Drive, 6D)
|
Pitching: RHP Drake Riley
|
|
Batting: RHB Iván Vega
|
0-0: Called Strike 0-1: Ball 1-1: Swinging Strike 1-2: Ball 2-2: Foul Ball, location: 2F 2-2: Fly out, F8 (Flyball, 78M)
|
Batting: LHB Javier Sánchez
|
0-0: Called Strike 0-1: Ball 1-1: Ball 2-1: SINGLE (Flyball, 9S) Marvin Hunter to second Runner from 2nd tries for 3rd, SAFE, no throw
|
Pitching: RHP Rex Hood
|
|
Batting: RHB Ron Ward
|
0-0: Ball 1-0: Foul Ball, location: 2F 1-1: Swinging Strike 1-2: Strikes out swinging
|
Bottom of the 9th over - 0 run(s), 2 hit(s), 0 error(s), 2 left on base; Seattle 5 - Rocky Mountain 1 |
|